AoeStats
← Infadel

Arabia

509809793Analyzed
1v1 RM · 4d ago on Sep 28, 2026· 37m 55s· 2 players
Game mode
Random Map
Map size
Tiny (2 player)
Population
200
Speed
Normal
Resources
Standard
Victory
Conquest
Starting age
Dark Age
Ending age
Imperial Age
RankedLock teamsTeams togetherTeam positionsShared explorationLock speedFull tech treeHidden civsTurbo modeCheats
Victory
Defeat
🇲🇽 Britons · Mexico
1156
+16
🇮🇳 Spanish · India
1152
-16
Infadel
6:52 Loom
9:44 Feudal Age
10:53 Double-Bit Axe
15:39 Forging
17:00 Horse Collar
21:14 Castle Age
19:32 Stone Mining
20:03 Scale Barding Armor
20:53 Bloodlines
21:06 Gold Mining
22:21 Bow Saw
22:23 Light Cavalry
26:25 Chain Barding Armor
27:39 Fletching
28:21 Town Watch
36:01 Heavy Plow
36:41 Wheelbarrow
37:38 Hand Cart
revan
6:03 Loom
9:12 Feudal Age
9:51 Double-Bit Axe
11:24 Horse Collar
13:43 Town Watch
20:40 Castle Age
19:02 Fletching
19:14 Padded Archer Armor
19:09 Gold Mining
19:43 Padded Archer Armor
21:13 Wheelbarrow
20:30 Stone Mining
20:43 Crossbowman
21:19 Bodkin Arrow
22:24 Bow Saw
22:16 Heavy Plow
23:16 Leather Archer Armor
27:08 Ballistics
29:21 Hand Cart
29:06 Town Patrol
34:56 Imperial Age
33:49 Yeomen
36:49 Conscription
35:52 Arbalester
36:39 Bracer
37:10 Ring Archer Armor
37:45 Chemistry
37:02 Siege Engineers
Connection lost

Rejoining the realm…

Still unreachable

The connection could not be restored.

Session expired

The server has moved on; the page needs a fresh start.